 Dungeon Crawl Stone Soup version 0.29-a0-304-gb34f9e133a (webtiles) character file.

Game seed: 14947869113052393605

191 Ajdolov the Covert (level 6, -1/52 HPs)
             Began as a Kobold Brigand on Mar 26, 2022.
             Slain by an orc
             ... wielding a +0 flail
              (5 damage)
             ... on level 4 of the Dungeon.
             The game lasted 00:03:17 (3105 turns).

Ajdolov the Covert (Kobold Brigand)                 Turns: 3105, Time: 00:03:17

Health: -1/52      AC: 23    Str:  8    XL:     6   Next: 1%
Magic:  6/6        EV:  3    Int: 13    God:
Gold:   182        SH:  0    Dex: 18    Spells: 5/5 levels left

rFire   . . .      SeeInvis .   a - +2 dagger
rCold   . . .      Faith    .   (no shield)
rNeg    . . .      Spirit   .   (body armour currently unavailable)
rPois   +          Reflect  .   (helmet currently unavailable)
rElec   .          Harm     .   (cloak currently unavailable)
rCorr   .          Rampage  .   (gloves currently unavailable)
Will    .....      NoTele   +   (boots currently unavailable)
Stlth   +++++.....              n - amulet of the acrobat
HPRegen 0.17/turn               h - ring of flight
MPRegen 0.10/turn               (no ring)

@: lethally poisoned (-1 -> -4), tree-form
A: stationary, stasis, torment immunity, boosted hp, small, no large weapons,
nightstalker 3
a: no special abilities


You were on level 4 of the Dungeon.
You were a tree.
You visited 1 branch of the dungeon, and saw 4 of its levels.

You collected 182 gold pieces.

Inventory:

Hand Weapons
 a - a +2 dagger (weapon)
 r - a +0 rapier
Missiles
 d - 7 poisoned darts (quivered)
Armour
 b - a +0 robe (melded)
 s - a +2 cloak of preservation (melded)
Jewellery
 h - a ring of flight (left branch)
 n - an amulet of the acrobat (around neck)
Wands
 t - a wand of polymorph (5)
Scrolls
 c - a scroll of enchant weapon {unknown}
 i - a scroll of enchant armour {unknown}
 k - a scroll of fog {unknown}
 l - 5 scrolls of identify {unknown}
 m - a scroll of noise {unknown}
Potions
 f - a potion of brilliance {unknown}
 g - a potion of lignification
 j - a potion of curing
 o - 2 potions of might {unknown}
 p - a potion of mutation {unknown}
 q - 3 potions of magic
 u - a potion of haste {unknown}
 v - a potion of resistance {unknown}


   Skills:
 - Level 2.1 Fighting
 + Level 4.8 Short Blades
 - Level 2.1 Throwing
 - Level 1.2 Dodging
 * Level 8.3 Stealth


You had 5 spell levels left.
You didn't know any spells.
Your spell library contained the following spells:

 Spells                   Type           Power      Damage    Failure   Level
 Foxfire                  Conj/Fire      0%         2x1d4     30%         1
 Conjure Flame            Conj/Fire      0%         6-21      67%         3
 Ignite Poison            Fire/Tmut/Pois 0%         N/A       67%         3
 Inner Flame              Hex/Fire       0%         N/A       67%         3
 Tukima's Dance           Hex            0%         N/A       67%         3
 Flame Wave               Conj/Fire      0%         2d4       97%         4
 Passage of Golubria      Tloc           0%         N/A       97%         4
 Sticky Flame             Conj/Fire      0%         2d3       97%         4
 Yara's Violent Unravell  Hex/Tmut       0%         3d3       100%        5


Dungeon Overview and Level Annotations

Branches:
Dungeon (4/15)
 Temple: D:4-7

Altars:


Innate Abilities, Weirdness & Mutations

You are a tree.
Your roots penetrate the ground, keeping you stationary.
You cannot be teleported.
You are immune to unholy pain and torment.
Your maximum health is greatly increased.
Your equipment is partially melded.
You are small and have problems with some larger weapons.
You are completely attuned to the shadows.


Message History

The adder bites you but does no damage. x2
You hit the adder.
The adder is moderately wounded.
You hit the adder.
The adder is severely wounded.
The adder barely misses you.
You hit the adder but do no damage.
The adder is severely wounded.
The adder bites you but does no damage.
You closely miss the adder. Your punch misses the adder.
The adder is severely wounded.
The adder barely misses you.
You hit the adder.
The adder is almost dead.
The adder bites you but does no damage.
You closely miss the adder.
The adder is almost dead.
The adder bites you but does no damage.
You hit the adder but do no damage.
The adder is almost dead.
The adder bites you.
* * * LOW HITPOINT WARNING * * *
You are poisoned.
The adder poisons you!
You barely miss the adder.
The adder is almost dead.
* * * LOW HITPOINT WARNING * * *
You feel sick. The adder bites you but does no damage.
You hit the adder.
You kill the adder!
* * * LOW HITPOINT WARNING * * *
You feel sick.
You have reached level 6!
You start resting.
* * * LOW HITPOINT WARNING * * *
You feel sick.
You hit the orc.
The orc is severely wounded.
The orc hits you with a +0 flail.
You die...

#.......#
##....... ##
##......
#.##..#...
###.........
#......###.. .
#.....######..
........#.....
#(..##..#♣.#
#### #..o#.#
###.### ###


You could see an orc.

Vanquished Creatures
  Crazy Yiuf (D:2)
  A hound (D:3)
  An orc wizard (D:3)
  5 adders
  A worm (D:3)
  4 dart slugs
  2 orcs (D:3)
  5 ball pythons
  7 endoplasms
  2 giant cockroaches
  4 hobgoblins
  3 jackals (D:1)
  3 bats
  7 frilled lizards
  8 kobolds
  3 rats
57 creatures vanquished.

Notes
Turn   | Place    | Note
-------+----------+-------------------------------------------
     0 | D:1      | Ajdolov the Kobold Brigand began the quest for the Orb.
     0 | D:1      | Reached XP level 1. HP: 12/12 MP: 1/1
   112 | D:1      | Reached XP level 2. HP: 13/17 MP: 2/2
   347 | D:1      | Reached skill level 6 in Stealth
   415 | D:1      | Reached XP level 3. HP: 21/21 MP: 3/3
   735 | D:1      | Found a faded altar of an unknown god.
  1137 | D:2      | Reached XP level 4. HP: 26/26 MP: 4/4
  1363 | D:2      | Reached skill level 7 in Stealth
  1503 | D:2      | Found a runed translucent door.
  1506 | D:2      | Noticed Crazy Yiuf
  1511 | D:2      | Killed Crazy Yiuf
  1742 | D:3      | Reached XP level 5. HP: 30/30 MP: 5/5
  2353 | D:3      | Reached skill level 8 in Stealth
  3104 | D:4      | Reached XP level 6. HP: 5/35 MP: 6/6
  3105 | D:4      | Slain by an orc

Illustrated notes

Levels and vault maps discovered:
D:1:      dpeg_arrival_snail, layout_rooms, chequers_ecumenical_altar_island
D:2:      layout_loops_ring, uniq_crazy_yiuf_cottage
D:3:      layout_basic, serial_co_window_serial, co_window_cross_1,
          co_window_corner_a, co_window_of_opportunity_a,
          co_window_of_opportunity_a, co_window_of_opportunity_a,
          co_window_corner_cb, co_window_corner_b, co_window_2corner,
          glass_columns_c, glass_columns_b, glass_columns_a, glass_columns_b,
          glass_columns_a
D:4:      minmay_general_purpose_star, layout_cave_pools,
          minmay_temple_entry_proselytizer, serial_glass, glass_columns_a,
          glass_columns_a, glass_columns_a, uniq_blork_the_orc, uniq_menkaure

Skill      XL: |  1  2  3  4  5 |
---------------+----------------+-----
Short Blades   | 3 4 |  4.8
Stealth        | 6 7 8 |  8.3
Fighting       | |  2.1
Throwing       | |  2.1
Dodging        | |  1.2

Action                   |  1- 3 |  4- 6 || total
-------------------------+-------+-------++-------
Melee: Dagger            |    65 |    73 ||   138
       Punch             |     1 |     1 ||     2
Throw: Dart              |       |     5 ||     5
  Use: Potion            |       |     3 ||     3
 Stab: Sleeping          |    18 |    16 ||    34
Armor: Robe              |    12 |     7 ||    19
       Skin              |       |     7 ||     7
Dodge: Dodged            |    26 |    32 ||    58

Table legend: (Time is in decaauts)
 A = Elapsed time spent in this place.
 B = Non-inter-level travel time spent in this place.
 C = Inter-level travel time spent in this place.
 D = Time resting spent in this place.
 E = Time spent auto-exploring this place.
 F = Levels seen in this place.
 G = Mean time per level.
                   A        B        C        D        E       F      G
               +--------+--------+--------+--------+--------+-----+--------+
         Total |   3076 |   2981 |     95 |    177 |   2410 |   4 |  769.0 |
       Dungeon |   3076 |   2981 |     95 |    177 |   2410 |   4 |  769.0 |
               +--------+--------+--------+--------+--------+-----+--------+

Top non-repeatable levels by time:
     D:3: 1365 daAuts
     D:2: 875 daAuts
     D:1: 800 daAuts
     D:4: 34 daAuts
